 Dungeon Sprint DCSS version 0.22-a0-362-g535178c (webtiles) character file.

261 FredericMitz the Skirmisher (level 5, -6/52 HPs)
             Began as a Minotaur Fighter on Apr 19, 2018.
             Mangled by a slime creature (18 damage)
             ... in the Dungeon (Sprint I: "Red Sonja").
             The game lasted 00:01:08 (53 turns).

FredericMitz the Skirmisher (Minotaur Fighter)        Turns: 53, Time: 00:01:09

Health: -6/52      AC:  8    Str: 21    XL:     5   Next: 96%
Magic:  4/4        EV: 11    Int:  5    God:
Gold:   54         SH: 11    Dex: 10    Spells: 4/4 levels left

rFire    . . .     SeeInvis .   a - +0 long sword
rCold    . . .     Gourm    .   c - +0 shield
rNeg     . . .     Faith    .   b - +0 scale mail
rPois    .         Spirit   .   (helmet restricted)
rElec    .         Reflect  .   (no cloak)
rCorr    .         Harm     .   (no gloves)
MR       .....     NoTele   +   (no boots)
Stlth    ..........             (no amulet)
HPRegen  0.17/turn              (no ring)
MPRegen  0.09/turn              (no ring)

@: no status effects
A: retaliatory headbutt, horns 2
a: no special abilities


You were in the Dungeon.
You were not hungry.

You visited 1 branch You collected 54 gold pieces.

Inventory:

Hand Weapons
 a - a +0 long sword (weapon)
Armour
 b - a +0 scale mail (worn)
 c - a +0 shield (worn)
Scrolls
 k - a scroll of blinking
Potions
 e - a potion of curing
 g - a potion of heal wounds
 h - a potion of haste
 i - 2 potions of magic
 j - a potion of berserk rage
Comestibles
 f - a ration


   Skills:
 + Level 7.5 Fighting
 + Level 7.0 Long Blades
 + Level 7.5 Armour
 + Level 5.8 Dodging
 + Level 7.5 Shields


You had 4 spell levels left.
You didn't know any spells.

Dungeon Overview and Level Annotations

Branches:
Dungeon (1/1)

Altars:
Makhleb
Xom
Jiyva
Lugonu


Innate Abilities, Weirdness & Mutations

You reflexively headbutt those who attack you in melee.
You have a pair of horns on your head.


Message History

You barely miss the slime creature.
The slime creature is severely wounded.
The slime creature hits you. The slime creature barely misses you.
You hit the slime creature but do no damage.
The slime creature is severely wounded.
You block the slime creature's attack.
Your shield and scale mail prevent you from hitting the slime creature.
The slime creature is severely wounded.
The slime creature hits you but does no damage.
You hit the slime creature but do no damage.
The slime creature is severely wounded.
You block the slime creature's attack.
You hit the slime creature.
The slime creature is severely wounded.
The slime creature hits you!
* * * LOW HITPOINT WARNING * * *
You slash the slime creature! You headbutt the slime creature.
The slime creature is almost dead.
The slime creature hits you!!
You die...

################ ##
#<.#..)..#..'$$#__#
#..'[.#..').#.@J..+
#..#####+#####+#__#
#..# ## #..# #..#
#⌠⌠# ####


You could see a slime creature.

Vanquished Creatures
  Sigmund (D)
  An ogre (D)
  Ijyb (D)
3 creatures vanquished.

Notes
Turn   | Place    | Note
-------+----------+-------------------------------------------
     0 | D        | FredericMitz the Minotaur Fighter began the quest for the Orb.
     0 | D        | Reached XP level 1. HP: 19/19 MP: 0/0
     1 | D        | Noticed Ijyb
    15 | D        | Killed Ijyb
    15 | D        | Reached XP level 2. HP: 26/28 MP: 1/1
    18 | D        | Noticed an ogre
    22 | D        | Killed an ogre
    22 | D        | Reached skill level 5 in Long Blades
    22 | D        | Reached XP level 3. HP: 36/37 MP: 2/2
    22 | D        | Reached XP level 4. HP: 42/44 MP: 3/3
    26 | D        | Noticed Sigmund
    30 | D        | Killed Sigmund
    30 | D        | Reached skill level 5 in Dodging
    30 | D        | Reached XP level 5. HP: 52/52 MP: 4/4
    39 | D        | Found a burning altar of Makhleb.
    39 | D        | Found a viscous altar of Jiyva.
    39 | D        | Found a shimmering altar of Xom.
    39 | D        | Found a corrupted altar of Lugonu.
    39 | D        | Noticed a slime creature
    53 | D        | Mangled by a slime creature

Vault maps used:
D:        dungeon_sprint_1

Skill      XL: |  1  2  3  4 |
---------------+-------------+-----
Fighting       | 4 6 7 |  7.5
Long Blades    | 3 5 7 |  7.0
Armour         | 4 6 7 |  7.5
Dodging        | 2 4 5 |  5.8
Shields        | 4 6 7 |  7.5

Action                   |  1- 3 |  4- 6 || total
-------------------------+-------+-------++-------
Melee: Long sword        |    15 |    16 ||    31
       Headbutt          |     1 |     3 ||     4
  Use: Potion            |     1 |       ||     1
Armor: Scale mail        |     3 |     1 ||     4
Dodge: Dodged            |     7 |     3 ||    10
Block: Shield            |     7 |     7 ||    14
       Rpst.: Long sword |     4 |     2 ||     6

Table legend:
 A = Spawn XP
 B = Non-spawn XP
 C = Spawn XP percentage of total XP
 D = Spawn monster count
 E = Non-spawn monster count
 F = Spawn count percentage of total count
 G = Total turns spent on level
                    A         B        C        D         E        F      G
               +---------+---------+-------+---------+---------+-------+---------
         Total |       0 |     373 |   0.0 |       0 |       3 |   0.0 |    53
               +---------+---------+-------+---------+---------+-------+---------
             D |       0 |     373 |   0.0 |       0 |       3 |   0.0 |    53
               +---------+---------+-------+---------+---------+-------+---------
